 Dungeon Sprint DCSS version 0.17-a0-1636-g3119f2b (webtiles) character file.

1440 Kidiri the Covert (level 8, -1/36 HPs)
             Began as a Spriggan Enchanter on Aug 5, 2015.
             Slain by a wasp (10 damage)
             ... in the Dungeon (Sprint II: "The Violet Keep of Menkaure").
             The game lasted 00:07:05 (815 turns).

Kidiri the Covert (Spriggan Enchanter)               Turns: 815, Time: 00:07:05

Health: -1/36      AC:  5    Str:  4    XL:     8   Next: 46%
Magic:  15/23      EV: 25    Int: 20    God:
Gold:   108        SH:  0    Dex: 13    Spells: 9 memorised, 4 levels left

rFire  + . .     SeeInvis +     a - +1 dagger
rCold  . . .     Clarity  .     i - +0 robe "Naaphio" {rF+ Regen+ Int+3 Dex-5} (curse)
rNeg   . . .     SustAt   .     (shield restricted)
rPois  .         Gourm    .     l - +0 hat {MR+}
rElec  .         Spirit   .     f - +2 cloak {+Inv}
rCorr  .         Warding  .     (gloves unavailable)
rMut   .         NoTele   +     (boots unavailable)
MR     ++...                    (no amulet)
Stlth  ++++++....               (no ring)
                                (no ring)

@: lethally poisoned (-1 -> -1), slowed, quick, very resistant to hostile
enchantments, very stealthy
A: unfitting armour, see invisible, herbivore 3, speed 3, slow metabolism 2
a: Evoke Invisibility


You were in the Dungeon.
You were not hungry.

You visited 1 branch You collected 983 gold pieces.
You spent 875 gold pieces at shops.

Inventory:

Hand weapons
 a - a +1 dagger (weapon)
Armour
 b - a +1 robe
 f - a +2 cloak of invisibility (worn)
 i - the cursed +0 robe "Naaphio" (worn) {rF+ Regen+ Int+3 Dex-5}
   (You bought it in a shop in the Dungeon)

   It affects your intelligence (+3).
   It affects your dexterity (-5).
   It protects you from fire.
   It increases your rate of regeneration.
   It has a curse placed upon it.
 l - a +0 hat of magic resistance (worn)
Scrolls
 j - a scroll of blinking
Potions
 g - a potion of haste
 h - a potion of magic
Books
 c - a book of Maledictions

   Spells                             Type                      Level
   a - Corona                         Hexes                        1
   b - Ensorcelled Hibernation        Hexes/Ice                    2
   c - Confuse                        Hexes                        3
   d - Tukima's Dance                 Hexes                        3
   e - Dazzling Spray                 Conjuration/Hexes            3
 k - a book of Geomancy

   Spells                             Type                      Level
   a - Sandblast                      Earth                        1
   b - Stoneskin                      Transmutation/Earth          2
   c - Passwall                       Transmutation/Earth          3
   d - Stone Arrow                    Conjuration/Earth            3
   e - Petrify                        Transmutation/Earth          4
   f - Lee's Rapid Deconstruction     Earth                        5
Comestibles
 d - a bread ration


   Skills:
 + Level 6.9 Short Blades
 * Level 12.7 Dodging
 * Level 13.9 Stealth
 * Level 10.8 Spellcasting
 + Level 2.8 Conjurations
 + Level 8.4 Hexes
 + Level 1.8 Transmutations
 + Level 3.1 Ice Magic
 + Level 1.2 Earth Magic
 + Level 1.8 Evocations


You had 4 spell levels left.
You knew the following spells:

 Your Spells              Type           Power        Failure   Level  Hunger
a - Corona                Hex            #####..      1%          1    None
b - Ensorcelled Hibernat  Hex/Ice        ####..       1%          2    None
c - Confuse               Hex            #####...     1%          3    None
d - Tukima's Dance        Hex            #####...     1%          3    None
e - Dazzling Spray        Conj/Hex       ####....     1%          3    None
f - Stoneskin             Trmt/Erth      ###.....     6%          2    None
g - Stone Arrow           Conj/Erth      ###...       10%         3    None
h - Passwall              Trmt/Erth      ###.......   12%         3    None
i - Petrify               Trmt/Erth      ###.....     38%         4    ##.....


Dungeon Overview and Level Annotations

Branches:
Dungeon (1/1)

Altars:
Dithmenos
Elyvilon
Fedhas
Gozag
Kikubaaqudgha
Makhleb
Nemelex Xobeh
Okawaru
Qazlal
Ru
Sif Muna
Trog
Vehumet
Xom
Yredelemnul
Zin
The Shining One
Beogh
Jiyva
Lugonu

Shops:
D (=::[}?!%(=[=:[!

Annotations:
D exclusions: obsidian statue and oklob plant, Roxanne


Innate Abilities, Weirdness & Mutations

You are tiny and cannot use many weapons and most armour.
You have supernaturally acute eyesight.
You are a herbivore.
You cover ground extremely quickly.
You need consume almost no food.


Message History

You are poisoned.
You feel yourself slow down. The wasp misses you.
Casting: Ensorcelled Hibernation
Confirm with . or Enter, or press ? or * to list all spells.
Aiming: Ensorcelled Hibernation
Press: ? - help, Shift-Dir - straight line, f/p - wasp
Aim: a wasp (moderately wounded, chance to defeat MR: 62%)
The wasp resists with significant effort.
You feel yourself speed up.
You feel sick. The wasp stings you!
* * * LOW HITPOINT WARNING * * *
You feel yourself slow down. The wasp misses you.
Casting: Ensorcelled Hibernation
Confirm with . or Enter, or press ? or * to list all spells.
Aiming: Ensorcelled Hibernation
Press: ? - help, Shift-Dir - straight line, f/p - wasp
Aim: a wasp (moderately wounded, chance to defeat MR: 62%)
The wasp resists with significant effort.
You feel sick. The wasp closely misses you. The wasp stings you!
You die...

.....# +##..# #.
..##.#### +.###
#..#....# ...####
..####..## #..##h#
'###.##..# +..#..#
.##...#..# #..#..#
<.'.##'..####..##y#
.##...#....###..@##▓▓
'###.##......≈≈≈≈≈≈≈≈≈≈≈
.#####≈≈.....≈#+########
#..#≈≈≈≈≈§§..≈#..._._._#
#.##≈≈≈≈§≈≈§≈≈#.._._._.#
'##≈≈≈≈≈≈≈§§§≈#._._._._#
≈≈≈≈≈≈§§§§≈≈≈§#_._._._.#
#+++#≈§§§≈§≈§≈#._._._..#
§§≈ ##≈§≈###≈≈#_._._.


You could see a polar bear (confused) and a wasp.

Vanquished Creatures
  A siren (D)
  2 polar bears (D)
  A vampire mosquito (D)
  4 necrophages (D)
  4 brain worms (D)
  4 worker ants (D)
16 creatures vanquished.

Vanquished Creatures (others)
  8 tentacles (D)
8 creatures vanquished.

Grand Total: 24 creatures vanquished

Notes
Turn   | Place    | Note
--------------------------------------------------------------
     0 | D        | Kidiri the Spriggan Enchanter began the quest for the Orb.
     0 | D        | Reached XP level 1. HP: 9/9 MP: 5/5
     1 | D        | Noticed a worker ant
     1 | D        | Noticed a worker ant
     4 | D        | Noticed a brain worm
     4 | D        | Noticed a brain worm
     4 | D        | Noticed a brain worm
     4 | D        | Noticed a brain worm
     8 | D        | Noticed a necrophage
     8 | D        | Noticed a necrophage
     8 | D        | Noticed a necrophage
     8 | D        | Noticed a necrophage
    15 | D        | Killed a necrophage
    15 | D        | Reached skill level 6 in Dodging
    15 | D        | Reached skill level 7 in Stealth
    15 | D        | Reached skill level 5 in Spellcasting
    15 | D        | Reached skill level 5 in Hexes
    15 | D        | Reached XP level 2. HP: 13/13 MP: 4/9
    15 | D        | Reached XP level 3. HP: 16/16 MP: 4/11
    15 | D        | Reached XP level 4. HP: 21/21 MP: 4/12
    27 | D        | Killed a necrophage
    27 | D        | Reached skill level 8 in Dodging
    27 | D        | Reached skill level 9 in Stealth
    27 | D        | Reached XP level 5. HP: 24/24 MP: 5/15
    53 | D        | Killed a necrophage
    53 | D        | Reached skill level 10 in Stealth
    79 | D        | Killed a necrophage
    79 | D        | Reached skill level 5 in Short Blades
    79 | D        | Reached skill level 10 in Dodging
    79 | D        | Reached skill level 11 in Stealth
    79 | D        | Reached XP level 6. HP: 13/26 MP: 11/18
    83 | D        | Learned a level 2 spell: Ensorcelled Hibernation
    87 | D        | Learned a level 3 spell: Confuse
    91 | D        | Learned a level 3 spell: Tukima's Dance
    95 | D        | Learned a level 3 spell: Dazzling Spray
   268 | D        | Noticed a siren
   273 | D        | Killed a siren
   273 | D        | Reached skill level 12 in Stealth
   273 | D        | Reached skill level 1 in Conjurations
   273 | D        | Reached skill level 1 in Ice Magic
   273 | D        | Reached XP level 7. HP: 30/30 MP: 19/21
   284 | D        | Noticed a worker ant
   284 | D        | Noticed a worker ant
   285 | D        | Killed a worker ant
   286 | D        | Killed a worker ant
   290 | D        | Killed a worker ant
   292 | D        | Killed a worker ant
   320 | D        | Killed a brain worm
   320 | D        | Reached skill level 10 in Spellcasting
   322 | D        | Killed a brain worm
   322 | D        | Reached skill level 13 in Stealth
   323 | D        | Killed a brain worm
   326 | D        | Killed a brain worm
   437 | D        | Noticed an obsidian statue
   439 | D        | Noticed a kraken
   455 | D        | Noticed Roxanne
   460 | D        | Found Erujamp's Antique Armour Shop.
   460 | D        | Found Liof's Book Shop.
   461 | D        | Found Teta's Antique Weapon Boutique.
   461 | D        | Found Guphoaca's Jewellery Boutique.
   462 | D        | Noticed a vampire mosquito
   466 | D        | Killed a vampire mosquito
   466 | D        | Reached XP level 8. HP: 24/34 MP: 13/23
   471 | D        | Found Vonist's Food Boutique.
   471 | D        | Found Zugiuqus's Distillery.
   471 | D        | Found Waid's Distillery.
   474 | D        | Found Ixeerghi's Magic Scroll Shop.
   474 | D        | Found Mokheteu's Gadget Boutique.
   474 | D        | Found Ofewygg's Antique Armour Boutique.
   474 | D        | Noticed a soldier ant
   475 | D        | Found Meaxtad's Jewellery Boutique.
   477 | D        | Found Kuledeac's Antique Armour Boutique.
   477 | D        | Found Ufesosug's Book Shop.
   477 | D        | Noticed a soldier ant
   477 | D        | Noticed a soldier ant
   477 | D        | Noticed an oklob plant
   478 | D        | Found Vum Ehuer's Jewellery Shop.
   478 | D        | Found Puowk's Antique Weapon Boutique.
   478 | D        | Found Pyuqoth's Book Shoppe.
   478 | D        | Noticed a polar bear
   491 | D        | Noticed an iron elemental
   534 | D        | Bought an embroidered cloak for 117 gold pieces
   534 | D        | Bought a smoking robe for 148 gold pieces
   544 | D        | Identified the cursed +0 robe "Naaphio" {rF+ Regen+ Int+3 Dex-5} (You bought it in a shop in the Dungeon)
   557 | D        | Bought a book of Geomancy for 490 gold pieces
   560 | D        | Learned a level 2 spell: Stoneskin
   564 | D        | Learned a level 3 spell: Stone Arrow
   568 | D        | Learned a level 3 spell: Passwall
   573 | D        | Learned a level 4 spell: Petrify
   587 | D        | Bought an embroidered hat for 120 gold pieces
   776 | D        | Noticed a kraken
   781 | D        | Found a radiant altar of Vehumet.
   782 | D        | Found a burning altar of Makhleb.
   783 | D        | Found a shadowy altar of Dithmenos.
   783 | D        | Found a deep blue altar of Sif Muna.
   784 | D        | Found a glowing golden altar of the Shining One.
   784 | D        | Found an iron altar of Okawaru.
   784 | D        | Found a shimmering altar of Xom.
   785 | D        | Found a sacrificial altar of Ru.
   785 | D        | Found a white marble altar of Elyvilon.
   785 | D        | Found a stormy altar of Qazlal.
   786 | D        | Found an opulent altar of Gozag.
   786 | D        | Found a basalt altar of Yredelemnul.
   786 | D        | Found a viscous altar of Jiyva.
   787 | D        | Found a sparkling altar of Nemelex Xobeh.
   787 | D        | Found a glowing silver altar of Zin.
   787 | D        | Found a blossoming altar of Fedhas.
   788 | D        | Found an ancient bone altar of Kikubaaqudgha.
   788 | D        | Found a roughly hewn altar of Beogh.
   789 | D        | Found a bloodstained altar of Trog.
   789 | D        | Found a corrupted altar of Lugonu.
   790 | D        | Noticed a yaktaur
   790 | D        | Noticed a wasp
   790 | D        | Noticed a polar bear
   791 | D        | Noticed a polar bear
   791 | D        | Noticed a polar bear
   804 | D        | Killed a polar bear
   804 | D        | Reached skill level 1 in Transmutations
   804 | D        | Reached skill level 1 in Earth Magic
   804 | D        | Reached skill level 1 in Evocations
   812 | D        | Killed a polar bear
   815 | D        | Slain by a wasp

Vault maps used:
D:        the_violet_keep_of_menkaure

Action                   |  1- 3 |  4- 6 |  7- 9 || total
-------------------------+-------+-------+-------++-------
Melee: Dagger            |     4 |    57 |    22 ||    83
 Cast: Corona            |     1 |     3 |       ||     4
       Ensorcelled Hiber |       |       |     7 ||     7
       Confuse           |       |       |    11 ||    11
       Stone Arrow       |       |       |     3 ||     3
       Dazzling Spray    |       |       |     2 ||     2
       Stoneskin         |       |       |     1 ||     1
  Use: Potion            |     1 |     1 |     2 ||     4
 Stab: Sleeping          |       |     1 |     8 ||     9
       Confused          |       |       |     3 ||     3
